 Dungeon Crawl Stone Soup version 0.31-a0-188-g5e087ee2ca (webtiles) character file.

Game seed: 15464216735456968967

25 qw the Shooter (level 2, -1/16 HPs)
             Began as a Deep Elf Hunter on June 23, 2023.
             Slain by a hobgoblin (4 damage)
             ... on level 1 of the Dungeon.
             The game lasted 00:00:10 (396 turns).

qw the Shooter (Deep Elf Hunter)                     Turns: 396, Time: 00:00:11

Health: -1/16      AC:  3    Str:  8    XL:     2   Next: 86%
Magic:  4/4        EV: 12    Int: 13    God:
Gold:   17         SH:  0    Dex: 18    Spells: 1/1 levels left

rFire   . . .        a - +0 shortbow
rCold   . . .        (shield currently unavailable)
rNeg    . . .        c - +0 leather armour
rPois   .            (no helmet)
rElec   .            (no cloak)
rCorr   .            (no gloves)
SInv    .            (no boots)
Will    .....        (no amulet)
Stlth   ++           (no ring)
HPRegen 0.22/turn    (no ring)
MPRegen 0.09/turn

%: no passive effects
@: no status effects
A: no striking features
a: no special abilities


You were on level 1 of the Dungeon.
You visited 1 branch of the dungeon, and saw 1 of its levels.

You collected 17 gold pieces.


   Skills:
 - Level 1.5 Fighting
 + Level 6.5 Ranged Weapons
 - Level 2.4 Dodging
 - Level 1.2 Stealth


You had one spell level left.
You didn't know any spells.
Your spell library was empty.

Inventory:

Hand Weapons
 a - a +0 shortbow (weapon)
Armour
 c - a +0 leather armour (worn)
Jewellery
 f - a ring of willpower
Scrolls
 b - a scroll of butterflies
 d - a scroll of blinking {unknown}
Potions
 e - a potion of ambrosia {unknown}

Dungeon Overview and Level Annotations

Branches:
Dungeon (1/15)

Altars:


Message History

You shoot an arrow.
The arrow hits the kobold but does no damage.
The kobold shouts!
The hobgoblin shouts!
The endoplasm quivers.
You shoot an arrow. The arrow barely misses the kobold.
The kobold hits you with a +0 club.
You shoot an arrow.
The arrow hits the kobold but does no damage.
The kobold hits you but does no damage.
You shoot an arrow. The arrow closely misses the kobold.
The kobold closely misses you.
You shoot an arrow.
The arrow hits the kobold but does no damage.
The kobold hits you with a +0 club.
You shoot an arrow. The arrow hits the kobold.
You kill the kobold!
The hobgoblin closely misses you.
You shoot an arrow. The arrow hits the endoplasm.
The endoplasm is severely wounded.
The endoplasm freezes you.
You are frozen.
The hobgoblin hits you but does no damage.
You shoot an arrow. The arrow barely misses the endoplasm.
The endoplasm jiggles.
The endoplasm freezes you.
You are frozen.
The hobgoblin hits you. x2
The endoplasm hits you but does no damage.
You shoot an arrow. The arrow hits the endoplasm.
The endoplasm is almost dead.
The endoplasm misses you. The hobgoblin closely misses you.
You shoot an arrow. The arrow barely misses the endoplasm.
The endoplasm hits you. The hobgoblin closely misses you.
You shoot an arrow. The arrow hits the endoplasm!
You kill the endoplasm!
The hobgoblin hits you but does no damage.
You shoot an arrow. The arrow hits the hobgoblin.
The hobgoblin is almost dead.
The hobgoblin hits you.
You die...

..............###.#.#
.###.############.#.#
.###.### #......#.#
.......# #.######.#
...##..# #.# ...#
##.##..# #.# .###
#.##..# #.# .#
#.##..# #.####)##
##.##..#####....@..#
#........%..#####g.#
#..########.# ..#
#..########.# ..#
............# ..#
...#######..# ..#
............# ..#
....######.######..#
...#.####.#).......#


You could see a hobgoblin.

Vanquished Creatures
  A gnoll (D:1)
  2 ball pythons (D:1)
  An endoplasm (D:1)
  3 giant cockroaches (D:1)
  A hobgoblin (D:1)
  A quokka (D:1)
  2 bats (D:1)
  A frilled lizard (D:1)
  2 kobolds (D:1)
  3 rats (D:1)
17 creatures vanquished.

Notes
Turn   | Place    | Note
-------+----------+-------------------------------------------
     0 | D:1      | qw the Deep Elf Hunter began the quest for the Orb.
     0 | D:1      | Reached XP level 1. HP: 12/12 MP: 3/3
     0 | D:1      | 0 ||| qw: Version: 0.3-a-9-g12657ce
     0 | D:1      | 0 ||| qw: Game counter: 3297
     0 | D:1      | 0 ||| qw: Always use a shield: true
     0 | D:1      | 0 ||| qw: God list: Okawaru
     0 | D:1      | 0 ||| qw: Allow faded altars: false
     0 | D:1      | 0 ||| qw: Do Orc after D:15 true
     0 | D:1      | 0 ||| qw: Do second Lair branch before Depths: true
     0 | D:1      | 0 ||| qw: Lair rune preference: random
     0 | D:1      | 0 ||| qw: Plans: Normal
     0 | D:1      | 0 ||| PLANNING D:1-11
   122 | D:1      | 122 ||| Stepping ~*~*~tactically~*~*~ (outnumbered).
   129 | D:1      | Reached skill level 6 in Ranged Weapons
   129 | D:1      | Reached XP level 2. HP: 10/16 MP: 4/4
   175 | D:1      | Found a faded altar of an unknown god.
   392 | D:1      | HP: 3/16 [hobgoblin (4)]
   396 | D:1      | Slain by a hobgoblin

Levels and vault maps discovered:
D:1:      dpeg_arrival_oval, layout_loops_ring,
          shapermc_ecumenical_altar_hornbeckon

Skill      XL: |  1 |
---------------+----+-----
Ranged Weapons | 6 |  6.5
Fighting       | |  1.5
Dodging        | |  2.4
Stealth        | |  1.2

Action                     || total
---------------------------++-------
   Fire: Shortbow          ||    54
 Armour: Leather armour    ||     6
  Dodge: Dodged            ||    12

Table legend:
 A = Non-vault XP
 B = Vault XP
 C = Vault XP percentage of total XP
 D = Non-vault monster count
 E = Vault monster count
 F = Vault count percentage of total count
                 A         B        C        D         E       F
            +---------+---------+-------+---------+---------+-------
      Total |      37 |       0 |   0.0 |      17 |       0 |   0.0
            +---------+---------+-------+---------+---------+-------
        D:1 |      37 |       0 |   0.0 |      17 |       0 |   0.0
            +---------+---------+-------+---------+---------+-------
